3AAA
CORPUS CHRISTI TWINS @ BALBOA BUCCANEERS
06/19/2018
 
TOP OF THE 1ST
Corpus Christi Twins batting - Pitching for Balboa Buccaneers : RHP Rudy Jenkins
Pitching: RHP Rudy Jenkins
Batting: RHB Andrew Floyd 0-0: Ball
1-0: Ball
2-0: Reached on error, E5 (Groundball, 5)
Batting: RHB Bill McCarty 0-0: Called Strike
0-1: Swinging Strike
0-2: Ball
1-2: Ball
2-2: Strikes out swinging
Batting: RHB Gonzalo Núńez 0-0: Ball
1-0: Ball
2-0: Ball
3-0: Called Strike
3-1: Swinging Strike
3-2: Strikes out looking
Batting: LHB Don Sullivan 0-0: Called Strike
0-1: Ball
1-1: Foul Ball, location: 2F
1-2: Ball
2-2: SINGLE (Groundball, 56D) (infield hit)
Andrew Floyd to third
Batting: LHB John Brewer 0-0: Called Strike
0-1: Ball
1-1: Foul Ball, location: 2F
1-2: Foul Ball, location: 2F
1-2: Foul Ball, location: 2F
1-2: Ball
2-2: Ball
Don Sullivan steals 2nd base
3-2: Ground out 4-3 (Groundball, 4)
Top of the 1st over - 0 run(s), 1 hit(s), 1 error(s), 2 left on base; Corpus Christi 0 - Balboa 0
BOTTOM OF THE 1ST
Balboa Buccaneers batting - Pitching for Corpus Christi Twins : LHP Jesús Gonzáles
Pitching: LHP Jesús Gonzáles
Batting: RHB Leonard James 0-0: Foul Ball, location: 2F
0-1: Swinging Strike
0-2: Ball
1-2: Foul Ball, location: 2F
1-2: Strikes out swinging
Batting: RHB Matt Nelson 0-0: Ball
1-0: Swinging Strike
1-1: Fly out, F8 (Flyball, 8RM)
Batting: RHB César Garza 0-0: Ball
1-0: Called Strike
1-1: Ground out 6-3 (Groundball, 6)
Bottom of the 1st over - 0 run(s), 0 hit(s), 0 error(s), 0 left on base; Corpus Christi 0 - Balboa 0
TOP OF THE 2ND
Corpus Christi Twins batting - Pitching for Balboa Buccaneers : RHP Rudy Jenkins
Batting: RHB Martín González 0-0: Called Strike
0-1: Foul Ball, location: 2F
0-2: Ball
1-2: Fly out, F8 (Flyball, 8RS)
Batting: RHB Daniel Cooper 0-0: Ball
1-0: Called Strike
1-1: Ground out 5-3 (Groundball, 56)
Batting: RHB Denis Taylor 0-0: Called Strike
0-1: Ball
1-1: Ball
2-1: SOLO HOME RUN (Flyball, 7D), Distance : 408 ft
Batting: RHB Vincent Parker 0-0: Ball
1-0: Foul Ball, location: 2F
1-1: Foul Ball, location: 2F
1-2: SINGLE (Line Drive, 9LS)
Batting: RHB Andrew Floyd 0-0: Ball
1-0: Foul Ball, location: 2F
1-1: Ball
2-1: Ball
3-1: Foul Ball, location: 2F
3-2: Base on Balls
Vincent Parker to second
Batting: RHB Bill McCarty 0-0: Foul Ball, location: 2F
0-1: Swinging Strike
0-2: Strikes out looking
Top of the 2nd over - 1 run(s), 2 hit(s), 0 error(s), 2 left on base; Corpus Christi 1 - Balboa 0
BOTTOM OF THE 2ND
Balboa Buccaneers batting - Pitching for Corpus Christi Twins : LHP Jesús Gonzáles
Batting: RHB Derek Schroeder 0-0: Foul Ball, location: 2F
0-1: Ball
1-1: Ball
2-1: Foul Ball, location: 2F
2-2: SINGLE (Line Drive, 89S)
Batting: LHB Bellchyor Lebrim 0-0: Foul Ball, location: 2F
0-1: Swinging Strike
0-2: Strikes out swinging
Batting: LHB Anthony Trigg 0-0: Ball
1-0: Grounds into double play, 4-6-3 (Groundball, 4)
Bottom of the 2nd over - 0 run(s), 1 hit(s), 0 error(s), 0 left on base; Corpus Christi 1 - Balboa 0
TOP OF THE 3RD
Corpus Christi Twins batting - Pitching for Balboa Buccaneers : RHP Rudy Jenkins
Batting: RHB Gonzalo Núńez 0-0: Ball
1-0: Called Strike
1-1: Ground out 5-3 (Groundball, 5L)
Batting: LHB Don Sullivan 0-0: Ball
1-0: Foul Ball, location: 2F
1-1: Ball
2-1: Swinging Strike
2-2: Fly out, F7 (Flyball, 7M)
Batting: LHB John Brewer 0-0: Called Strike
0-1: Foul Ball, location: 2F
0-2: Ground out 4-3 (Groundball, 34)
Top of the 3rd over - 0 run(s), 0 hit(s), 0 error(s), 0 left on base; Corpus Christi 1 - Balboa 0
BOTTOM OF THE 3RD
Balboa Buccaneers batting - Pitching for Corpus Christi Twins : LHP Jesús Gonzáles
Batting: SHB Theodore Buck 0-0: Called Strike
0-1: SINGLE (Line Drive, 78S)
Batting: SHB Chris Cordell 0-0: Foul Ball, location: 2F
0-1: Foul Ball, location: 2F
0-2: Fly out, F5 (Popup, 15)
Batting: RHB Louie McNeil 0-0: Ball
Wild Pitch!
Theodore Buck to second
1-0: Foul Ball, location: 2F
1-1: Ball
2-1: Ball
3-1: Base on Balls
Batting: RHB Leonard James 0-0: Fly out, F8 (Flyball, 89M)
Batting: RHB Matt Nelson 0-0: Swinging Strike
0-1: Ball
1-1: Ground out 4-3 (Groundball, 13)
Bottom of the 3rd over - 0 run(s), 1 hit(s), 0 error(s), 2 left on base; Corpus Christi 1 - Balboa 0
TOP OF THE 4TH
Corpus Christi Twins batting - Pitching for Balboa Buccaneers : RHP Rudy Jenkins
Batting: RHB Martín González 0-0: Ball
1-0: SINGLE (Groundball, 56D)
Batting: RHB Daniel Cooper 0-0: Ball
1-0: Ball
Wild Pitch!
Martín González to second
Reached via error on a dropped throw, E3
Martín González to third
Batting: RHB Denis Taylor 0-0: Called Strike
Daniel Cooper steals 2nd base
0-1: Foul Ball, location: 2F
0-2: Ball
1-2: Foul Ball, location: 2F
1-2: Foul Ball, location: 2F
1-2: Strikes out swinging
Batting: RHB Vincent Parker 0-0: Swinging Strike
0-1: Ball
1-1: Ball
2-1: Ball
3-1: Base on Balls
Batting: RHB Andrew Floyd 0-0: DOUBLE (Line Drive, 8LS)
Martín González scores
Daniel Cooper scores
Vincent Parker to third
Batting: RHB Bill McCarty 0-0: Ball
1-0: Foul Ball, location: 2F
1-1: Swinging Strike
1-2: Foul Ball, location: 2F
1-2: Ball
2-2: Strikes out swinging
Batting: RHB Gonzalo Núńez 0-0: Ball
1-0: Foul Ball, location: 2F
1-1: Ball
2-1: Ball
3-1: Called Strike
3-2: TRIPLE (Flyball, 9LM)
Vincent Parker scores
Andrew Floyd scores
Batting: LHB Don Sullivan 0-0: SINGLE (Groundball, 34D)
Gonzalo Núńez scores
Batting: LHB John Brewer 0-0: Called Strike
0-1: Ground out U3 (Groundball, 3L)
Top of the 4th over - 5 run(s), 4 hit(s), 1 error(s), 1 left on base; Corpus Christi 6 - Balboa 0
BOTTOM OF THE 4TH
Balboa Buccaneers batting - Pitching for Corpus Christi Twins : LHP Jesús Gonzáles
Batting: RHB César Garza 0-0: Foul Ball, location: 2F
0-1: Foul Ball, location: 2F
0-2: Foul Ball, location: 2F
0-2: Strikes out swinging
Batting: RHB Derek Schroeder 0-0: Ground out 6-3 (Groundball, 6M)
Batting: LHB Bellchyor Lebrim 0-0: Ball
1-0: Ball
2-0: Ground out U3 (Groundball, 3)
Bottom of the 4th over - 0 run(s), 0 hit(s), 0 error(s), 0 left on base; Corpus Christi 6 - Balboa 0
TOP OF THE 5TH
Corpus Christi Twins batting - Pitching for Balboa Buccaneers : RHP Rudy Jenkins
Batting: RHB Martín González 0-0: Ball
1-0: Called Strike
1-1: Swinging Strike
1-2: Strikes out swinging
Batting: RHB Daniel Cooper 0-0: Ball
1-0: Ball
2-0: Ground out 6-3 (Groundball, 6)
Batting: RHB Denis Taylor 0-0: Called Strike
0-1: Swinging Strike
0-2: Foul Ball, location: 2F
0-2: Strikes out looking
Top of the 5th over - 0 run(s), 0 hit(s), 0 error(s), 0 left on base; Corpus Christi 6 - Balboa 0
BOTTOM OF THE 5TH
Balboa Buccaneers batting - Pitching for Corpus Christi Twins : LHP Jesús Gonzáles
Batting: LHB Anthony Trigg 0-0: Foul Ball, location: 2F
0-1: TRIPLE (Flyball, 89M)
Batting: SHB Theodore Buck 0-0: Ball
1-0: Fly out, F8 (Flyball, 8LS)
Batting: SHB Chris Cordell 0-0: Foul Ball, location: 2F
0-1: Fly out, F8 (Flyball, 8LS)
Runner from 3rd tags up, SCORES, throw made
Batting: RHB Louie McNeil 0-0: Fly out, F7 (Flyball, 7LD)
Bottom of the 5th over - 1 run(s), 1 hit(s), 0 error(s), 0 left on base; Corpus Christi 6 - Balboa 1
TOP OF THE 6TH
Corpus Christi Twins batting - Pitching for Balboa Buccaneers : RHP Rudy Jenkins
Batting: RHB Vincent Parker 0-0: Ball
1-0: Ground out 6-3 (Groundball, 6)
Batting: RHB Andrew Floyd 0-0: Called Strike
0-1: Swinging Strike
0-2: Foul Ball, location: 2F
0-2: Strikes out swinging
Batting: RHB Bill McCarty 0-0: Called Strike
0-1: Swinging Strike
0-2: Ball
1-2: Ball
2-2: Ground out 6-3 (Groundball, 6M)
Top of the 6th over - 0 run(s), 0 hit(s), 0 error(s), 0 left on base; Corpus Christi 6 - Balboa 1
BOTTOM OF THE 6TH
Balboa Buccaneers batting - Pitching for Corpus Christi Twins : LHP Jesús Gonzáles
Batting: RHB Leonard James 0-0: Ball
1-0: Called Strike
1-1: Foul Ball, location: 2F
1-2: Foul Ball, location: 2F
1-2: Ball
2-2: Ball
3-2: SINGLE (Line Drive, 34D)
Batting: RHB Matt Nelson 0-0: Ball
1-0: Ball
2-0: Foul Ball, location: 2F
2-1: Foul Ball, location: 2F
2-2: Strikes out swinging
Batting: RHB César Garza 0-0: Foul Ball, location: 2F
0-1: Ball
1-1: Ball
2-1: Ball
3-1: Ground out 4-3 (Groundball, 4S)
Leonard James to second
Batting: RHB Derek Schroeder 0-0: Ball
1-0: Called Strike
1-1: Called Strike
1-2: Ball
2-2: Fly out, F8 (Flyball, 8LD)
Bottom of the 6th over - 0 run(s), 1 hit(s), 0 error(s), 1 left on base; Corpus Christi 6 - Balboa 1
TOP OF THE 7TH
Corpus Christi Twins batting - Pitching for Balboa Buccaneers : RHP Rudy Jenkins
Batting: RHB Gonzalo Núńez 0-0: Foul Ball, location: 2F
0-1: Ball
1-1: Called Strike
1-2: Ball
2-2: SINGLE (Groundball, 56)
Pitching: RHP Dan Pope
Batting: LHB Don Sullivan 0-0: Foul Ball, location: 2F
0-1: Ground out 6-3 (Groundball, 6S)
Gonzalo Núńez to second
Batting: LHB John Brewer 0-0: Foul Ball, location: 2F
0-1: Swinging Strike
0-2: Ball
1-2: Ball
2-2: Foul Ball, location: 2F
2-2: Foul Ball, location: 2F
2-2: Ball
3-2: Strikes out looking
Batting: RHB Martín González 0-0: Ball
1-0: Called Strike
1-1: Called Strike
1-2: Ball
2-2: Fly out, F6 (Popup, 6D)
Top of the 7th over - 0 run(s), 1 hit(s), 0 error(s), 1 left on base; Corpus Christi 6 - Balboa 1
BOTTOM OF THE 7TH
Balboa Buccaneers batting - Pitching for Corpus Christi Twins : LHP Jesús Gonzáles
Now at SS: Otso Tuulari
Batting: LHB Bellchyor Lebrim 0-0: Ball
1-0: Ball
2-0: Called Strike
2-1: Ball
3-1: Foul Ball, location: 2F
3-2: Foul Ball, location: 2F
3-2: Foul Ball, location: 2F
3-2: Strikes out looking
Batting: LHB Anthony Trigg 0-0: Fly out, F6 (Popup, 6M)
Batting: SHB Theodore Buck 0-0: Foul Ball, location: 2F
0-1: Ground out 5-3 (Groundball, 5S)
Bottom of the 7th over - 0 run(s), 0 hit(s), 0 error(s), 0 left on base; Corpus Christi 6 - Balboa 1
TOP OF THE 8TH
Corpus Christi Twins batting - Pitching for Balboa Buccaneers : RHP Dan Pope
Batting: RHB Daniel Cooper 0-0: Called Strike
0-1: Called Strike
0-2: Foul Ball, location: 2F
0-2: Ball
1-2: Foul Ball, location: 2F
1-2: SINGLE (Line Drive, 78S)
Batting: RHB Denis Taylor 0-0: Ball
1-0: Ball
Daniel Cooper is caught stealing 2nd base
2-0: Called Strike
2-1: Swinging Strike
2-2: Foul Ball, location: 2F
2-2: Strikes out swinging
Batting: RHB Vincent Parker 0-0: Ball
1-0: Called Strike
1-1: Swinging Strike
1-2: Strikes out swinging
Top of the 8th over - 0 run(s), 1 hit(s), 0 error(s), 0 left on base; Corpus Christi 6 - Balboa 1
BOTTOM OF THE 8TH
Balboa Buccaneers batting - Pitching for Corpus Christi Twins : LHP Jesús Gonzáles
Batting: SHB Chris Cordell 0-0: Called Strike
0-1: Ball
1-1: Called Strike
1-2: Ball
2-2: Strikes out swinging
Batting: RHB Louie McNeil 0-0: Ball
1-0: Foul Ball, location: 2F
1-1: Foul Ball, location: 2F
1-2: Ball
2-2: Foul Ball, location: 2F
2-2: SINGLE (Line Drive, 9S)
Batting: RHB Leonard James 0-0: Ball
1-0: Fielders Choice at 2nd, 6-4 (Groundball, 6M)
Batting: RHB Matt Nelson 0-0: Foul Ball, location: 2F
0-1: DOUBLE (Line Drive, 89M)
Leonard James to third
Runner from 3rd tries for Home, SAFE, no throw or cutoff
Batting: RHB César Garza 0-0: Ball
1-0: Swinging Strike
1-1: Swinging Strike
1-2: Strikes out swinging
Bottom of the 8th over - 1 run(s), 2 hit(s), 0 error(s), 1 left on base; Corpus Christi 6 - Balboa 2
TOP OF THE 9TH
Corpus Christi Twins batting - Pitching for Balboa Buccaneers : RHP Dan Pope
Batting: RHB Andrew Floyd 0-0: Ball
1-0: Ball
2-0: Called Strike
2-1: Called Strike
2-2: Foul Ball, location: 2F
2-2: Strikes out looking
Batting: RHB Otso Tuulari 0-0: Ball
1-0: SINGLE (Groundball, 34D)
Batting: RHB Gonzalo Núńez 0-0: Ball
1-0: Called Strike
1-1: Grounds into double play, U6-3 (Groundball, 6M)
Top of the 9th over - 0 run(s), 1 hit(s), 0 error(s), 0 left on base; Corpus Christi 6 - Balboa 2
BOTTOM OF THE 9TH
Balboa Buccaneers batting - Pitching for Corpus Christi Twins : LHP Jesús Gonzáles
Batting: RHB Derek Schroeder 0-0: Ball
1-0: Ground out 5-3 (Groundball, 5)
Batting: LHB Bellchyor Lebrim 0-0: Called Strike
0-1: Fly out, F7 (Flyball, 78S)
Batting: LHB Anthony Trigg 0-0: Called Strike
0-1: Ball
1-1: Called Strike
1-2: Fly out, F7 (Flyball, 7S)
Bottom of the 9th over - 0 run(s), 0 hit(s), 0 error(s), 0 left on base; Corpus Christi 6 - Balboa 2
This league is powered by Out of the Park Baseball, the baseball management simulation game for PC, Mac and Linux
Monday, May 4th, 2015 - OOTP Baseball 15.6 Build 34